 Dungeon Crawl Stone Soup version 0.26-a0-224-g2964c8cf50 (webtiles) character file.

Game seed: 13986288725718147886

95633 Flugkiller the Geomancer (level 15, -6/126 HPs)
             Began as a Grey Draconian Earth Elementalist on July 6, 2020.
             Was a Priest of Cheibriados.
             Killed from afar by a deep elf mage (19 damage)
             ... with a bolt of lightning
             ... on level 3 of the Elven Halls.
             The game lasted 02:05:51 (7261 turns).

Flugkiller the Geomancer (DrEE)                     Turns: 7261, Time: 02:05:52

Health: -6/126     AC: 15    Str: 19    XL:     15   Next: 66%
Magic:  3/28       EV: 21    Int: 34    God:    Cheibriados [***...]
Gold:   1000       SH:  6    Dex: 21    Spells: 4/32 levels left

rFire    . . .     SeeInvis .   Q - +7 war axe (vamp)
rCold    . . .     Faith    .   p - +0 buckler
rNeg     . . .     Spirit   .   (armour unavailable)
rPois    .         Reflect  .   r - +0 hat
rElec    .         Harm     .   M - +0 cloak
rCorr    .                      n - +2 pair of gloves
MR       +....                  g - +0 pair of boots
Stlth    ++........             (no amulet)
HPRegen  0.31/turn              O - +6 ring of intelligence
MPRegen  0.21/turn              S - ring of wizardry

@: corroded, very slow
A: walk through water, unfitting armour, horns 1, unbreathing, evolution 1,
cold-blooded, AC +14
a: Bend Time, Temporal Distortion, Renounce Religion


You were on level 3 of the Elven Halls.
You worshipped Cheibriados.
Cheibriados was most pleased with you.
You were very full.

You visited 4 branches of the dungeon, and saw 17 of its levels.

You collected 2020 gold pieces.
You spent 1020 gold pieces at shops.

Inventory:

Hand Weapons
 m - the +4 morningstar "Wanocoippa" {pain, Dex+4}
   (You took it off a deep elf high priest on level 3 of the Elven Halls)

   In the hands of one skilled in necromantic magic, it inflicts extra damage on
   living creatures.
   It affects your dexterity (+4).
 A - a +5 vorpal dire flail
   (You took it off Edmund on level 5 of the Dungeon)
 Q - a +7 vampiric war axe (weapon)
   (You subdued it on level 2 of the Elven Halls)
 V - the +12 war axe of Beyond {freeze, rElec rF++ rC- Int+3}
   (You took it off a deep elf demonologist on level 3 of the Elven Halls)

   It has been specially enchanted to freeze those struck by it, causing extra
   injury to most foes and up to half again as much damage against particularly
   susceptible opponents.
   It can also slow down cold-blooded creatures.
   It affects your intelligence (+3).
   It greatly protects you from fire.
   It makes you vulnerable to cold.
   It insulates you from electricity.
Missiles
 b - 160 stones
 l - 34 boomerangs (quivered)
 B - 300 arrows
 F - a throwing net
 K - 9 curare-tipped darts
Armour
 d - a scarf of harm
   (You found it on level 1 of the Dungeon)
 g - a +0 pair of boots (worn)
   (You found it on level 1 of the Dungeon)
 n - a +2 pair of gloves (worn)
   (You found it on level 11 of the Dungeon)
 p - a +0 buckler (worn)
   (You took it off a deep elf knight on level 2 of the Elven Halls)
 r - a +0 hat (worn)
   (You took it off Gastronok on level 7 of the Dungeon)
 s - a +0 kite shield of reflection
   (You took it off Donald on level 2 of the Orcish Mines)
 M - a +0 cloak (worn)
   (You took it off Maurice on level 11 of the Dungeon)
Jewellery
 N - an uncursed ring of teleportation
   (You found it on level 11 of the Dungeon)
 O - a +6 ring of intelligence (left hand)
   (You took it off a deep elf annihilator on level 3 of the Elven Halls)
 S - a ring of wizardry (right hand)
   (You took it off a deep elf death mage on level 3 of the Elven Halls)
 U - the ring "Kaqal" {rElec rC+ Int+3 Stlth-}
   (You took it off a deep elf demonologist on level 3 of the Elven Halls)

   [ring of attention]

   It affects your intelligence (+3).
   It protects you from cold.
   It insulates you from electricity.
   It makes you less stealthy.
Wands
 i - a wand of acid (4)
   (You found it on level 7 of the Dungeon)
 q - a wand of enslavement (11)
   (You found it on level 4 of the Dungeon)
 u - a wand of flame (33)
   (You found it on level 5 of the Dungeon)
 C - a wand of clouds (4)
   (You found it on level 6 of the Dungeon)
 E - a wand of paralysis (14)
   (You found it on level 9 of the Dungeon)
 J - a wand of polymorph (6)
   (You took it off Sonja on level 11 of the Dungeon)
 P - a wand of digging (3)
   (You found it on level 1 of the Elven Halls)
Scrolls
 a - a scroll of identify
 e - a scroll of teleportation
 j - 3 scrolls of remove curse
 o - 2 scrolls of fear
 v - 2 scrolls of fog
 y - a scroll of amnesia
 z - a scroll of silence {unknown}
 H - a scroll of immolation {unknown}
 T - a scroll of random uselessness {unknown}
Potions
 f - 2 potions of flight
 h - 2 potions of stabbing {unknown}
 k - a potion of lignification {unknown}
 t - a potion of berserk rage
 w - a potion of mutation
 x - a potion of cancellation
 G - a potion of ambrosia {unknown}
 I - 2 potions of magic
 L - a potion of brilliance
 R - a potion of might {unknown}
 W - a potion of curing
Miscellaneous
 D - a tin of tremorstones (inert)
   (You bought it in a shop on level 2 of the Orcish Mines)
Comestibles
 c - 19 rations


   Skills:
 - Level 10.0 Fighting
 - Level 10.0 Dodging
 - Level 1.7 Stealth
 - Level 4.0 Shields
 - Level 9.0 Spellcasting
 * Level 12.1 Summonings
 - Level 5.0 Necromancy
 * Level 10.3 Translocations
 - Level 1.0 Transmutations
 - Level 13.2 Earth Magic
 - Level 9.0 Invocations
 - Level 5.0 Evocations


You had 4 spell levels left.
You knew the following spells:

 Your Spells              Type           Power        Failure   Level
a - Sandblast             Erth           ######       0%          1
b - Stone Arrow           Conj/Erth      ######       1%          3
c - Lee's Rapid Deconstr  Erth           #######...   1%          5
d - Malign Gateway        Summ/Tloc      #######...   11%         7
e - Borgnjor's Vile Clut  Necr/Erth      ######....   1%          5
f - Summon Demon          Summ           #######...   1%          5
w - Passwall              Tmut/Erth      ######..     1%          2

Your spell library contained the following spells:

 Spells                   Type           Power        Failure   Level
 Call Imp                 Summ           #######.     1%          2
 Petrify                  Tmut/Erth      ######..     1%          4


Dungeon Overview and Level Annotations

Branches:
Dungeon (11/15)            Temple (1/1) D:4            Lair (0/6) D:11
    Orc (2/2) D:11            Elf (3/3) Orc:2

Altars:
Ashenzari
Cheibriados
Elyvilon
Kikubaaqudgha
Makhleb
Okawaru
Sif Muna
Trog
Uskayaw
Vehumet
Wu Jian
Yredelemnul
Zin

Shops:
D:5 *   D:7 %   D:10 !}![   Orc:2 ![**

Annotations:
D:7 1 transporter, turbopower10k's ghost, novice GnWn
Elf:2 3 runed translucent doors


Innate Abilities, Weirdness & Mutations

You can walk through water.
Your dull iron-grey scales are very hard. (AC +14)
You cannot fit into any form of body armour.
You can survive without breathing.
You are cold-blooded and may be slowed by cold attacks.
You have a pair of small horns on your head.
You evolve.


Message History

The tremorstone explodes into fragments!
The burst of rock shards engulfs the earth elemental but does no damage.
The burst of rock shards engulfs the earth elemental! x2
The burst of rock shards engulfs the earth elemental.
The burst of rock shards engulfs you but does no damage.
The burst of rock shards engulfs the earth elemental but does no damage.
The burst of rock shards engulfs the deep elf sorcerer!!
The tin is emptied!
The deep elf sorcerer misses you.
Casting: Sandblast (safe; 0% risk of failure)
Confirm with . or Enter, or press ? or * to list all spells.
Aiming: Sandblast (safe; 0% risk of failure)
Press: ? - help, Shift-Dir - straight line, f/p - earth elemental
Aim: an earth elemental (moderately damaged, summoned)
The blast of sand hits the deep elf sorcerer!
You kill the deep elf sorcerer!
Cheibriados appreciates the change of pace.
b - 160 stones Some walls begin to move on their own!
You block the earth elemental's attack.
The earth elemental completely misses you.
Unknown command.
Okay, then.
As you read the scroll of teleportation, it crumbles to dust.
You feel strangely unstable.
Some walls begin to move on their own!
Unknown command.
The earth elemental misses you.
The earth elemental hits you but does no damage.
You block the earth elemental's attack.
Some walls begin to move on their own!
You hear a shout! x2
Unknown command.
You hit the earth elemental. You headbutt the earth elemental.
The earth elemental is heavily damaged.
You barely miss the earth elemental.
You hit the earth elemental but do no damage. x2
Some walls begin to move on their own!
The earth elemental closely misses you. The earth elemental misses you.
You block the earth elemental's attack. The earth elemental hits you!
* * * LOW HITPOINT WARNING * * *
You slash the earth elemental!
The earth elemental is heavily damaged.
You hit the earth elemental but do no damage.
You barely miss the earth elemental.
You hit the earth elemental but do no damage.
Your surroundings suddenly seem different.
The deep elf mage shouts!
A deep elf mage comes into view. It is wielding a +0 rapier.
The deep elf mage shouts!
A +2 trident of venom comes into view.
The deep elf mage casts a spell at you. The bolt of lightning hits you!!
You die...

.# ##........
..###...%....
...#..e..e..
.(.........
.......{..
.........
........##
.......@.#
..........#
.............
..E#..........#
.. ##..........
. ##.........
......#...
.....###..
.w.....


You could see an earth elemental, 2 deep elf magi and a +2 trident of venom.

Vanquished Creatures
  A deep elf master archer (Elf:3)
  2 deep elf blademasters (Elf:3)
  Gastronok (D:7)
  Donald (Orc:2)
  An orc warlord (Orc:1)
  7 deep elf sorcerers (Elf:3)
  4 deep elf elementalists (Elf:3)
  3 deep elf annihilators
  5 deep elf demonologists (Elf:3)
  2 deep elf death magi (Elf:3)
  5 deep elf high priests (Elf:3)
  Erolcha (D:9)
  A hydra (D:9)
  7 dancing weapons
  A two-headed ogre (D:9)
  An orc high priest (Orc:2)
  Sonja (D:11)
  5 deep elf knights
  6 deep elf archers
  An ugly thing (D:11)
  A manticore (D:11)
  6 orc sorcerers (Orc:2)
  2 orc knights (Orc:1)
  31 deep elf magi
  An elephant (D:11)
  Maurice (D:11)
  5 trolls
  A hornet (D:9)
  3 hippogriffs
  2 dream sheep (D:9)
  An air elemental (Elf:1)
  Sigmund (D:5)
  15 yaks
  A wyvern (D:8)
  Eustachio (D:5)
  A fire elemental (Elf:2)
  2 basilisks (D:11)
  A steam dragon (D:11)
  5 wargs
  Edmund (D:5)
  3 sky beasts
  26 orc warriors
  2 ice beasts
  A phantom (D:5)
  A black bear (D:11)
  5 ogres
  2 centaurs
  5 big kobolds
  3 bullfrogs
  A gnoll sergeant (Orc:2)
  2 scorpions
  8 wights
  4 centaur zombies
  A quasit (D:9)
  2 hounds
  2 jellies
  A bullfrog skeleton (D:5)
  17 orc priests
  38 orc wizards
  An iguana (D:9)
  5 worker ants
  3 hound skeletons
  2 worker ant zombies
  4 gnolls (Orc:2)
  4 adders
  2 white imps (D:9)
  An ufetubus (D:5)
  3 oozes
  2 adder zombies (D:9)
  An adder skeleton (D:6)
  2 worms
  A dart slug (D:1)
  2 leopard geckos (D:6)
  82 orcs
  3 bats
  2 giant cockroaches
  9 goblins
  A hobgoblin (D:1)
  3 jackals (D:4)
  2 quokkas
  A ball python (D:4)
  A frilled lizard (D:4)
  14 kobolds
  A leopard gecko skeleton (D:8)
  A quokka skeleton (D:9)
  2 rats (D:1)
417 creatures vanquished.

Vanquished Creatures (collateral kills)
  A deep elf blademaster (Elf:3)
  A nameless horror (Elf:3)
  An orc warrior (Orc:2)
3 creatures vanquished.

Vanquished Creatures (others)
  3 eldritch tentacles (Elf:3)
  A deep elf archer (Elf:1)
  A deep elf mage (Elf:2)
  2 orcs (D:11)
  A fungus (D:11)
8 creatures vanquished.

Grand Total: 428 creatures vanquished

Notes
Turn   | Place    | Note
-------+----------+-------------------------------------------
     0 | D:1      | Flugkiller the Draconian Earth Elementalist began the quest
                  | for the Orb.
     0 | D:1      | Reached XP level 1. HP: 14/14 MP: 3/3
     4 | D:1      | Noticed an electric eel
   152 | D:1      | Reached XP level 2. HP: 12/20 MP: 0/5
   388 | D:2      | Reached XP level 3. HP: 14/26 MP: 2/6
   392 | D:2      | Learned a level 2 spell: Passwall
   396 | D:2      | Learned a level 3 spell: Stone Arrow
   456 | D:3      | Found a shattered altar of Ashenzari.
   529 | D:3      | Reached skill level 4 in Earth Magic
   713 | D:4      | Reached XP level 4. HP: 33/33 MP: 5/8
   948 | D:4      | Reached skill level 5 in Earth Magic
   972 | D:4      | Found a staircase to the Ecumenical Temple.
   984 | Temple   | Entered the Ecumenical Temple
  1023 | Temple   | Became a worshipper of Cheibriados the Contemplative
  1111 | D:5      | Entered Level 5 of the Dungeon
  1113 | D:5      | Noticed a phantom
  1139 | D:5      | Killed a phantom
  1139 | D:5      | Reached XP level 5. HP: 38/38 MP: 1/9
  1175 | D:5      | Reached skill level 6 in Earth Magic
  1230 | D:5      | Noticed Eustachio
  1265 | D:5      | Killed Eustachio
  1265 | D:5      | Reached skill level 7 in Earth Magic
  1265 | D:5      | Reached XP level 6. HP: 34/45 MP: 0/10
  1290 | D:5      | Found Gozag's Platinum Reserve.
  1356 | D:5      | Found a burning altar of Makhleb.
  1387 | D:5      | Noticed a sky beast
  1393 | D:5      | Killed a sky beast
  1393 | D:5      | Your scales start taking on a dull iron-grey colour.
  1393 | D:5      | Reached skill level 9 in Earth Magic
  1393 | D:5      | Reached XP level 7. HP: 31/50 MP: 5/11
  1393 | D:5      | Gained mutation: You can survive without breathing. [Grey
                  | Draconian growth]
  1422 | D:5      | Noticed Edmund
  1428 | D:5      | Killed Edmund
  1452 | D:5      | Learned a level 5 spell: Lee's Rapid Deconstruction
  1463 | D:6      | Reached skill level 10 in Earth Magic
  1501 | D:6      | Reached * piety under Cheibriados
  1588 | D:5      | Noticed Sigmund
  1591 | D:5      | Killed Sigmund
  1618 | D:6      | Found a radiant altar of Vehumet.
  1626 | D:6      | Reached skill level 11 in Earth Magic
  1660 | D:6      | Reached XP level 8. HP: 57/57 MP: 6/12
  1748 | D:6      | Gained mutation: You can translocate small distances at
                  | will. [potion of mutation]
  1748 | D:6      | Gained mutation: You evolve. [potion of mutation]
  1824 | D:6      | Reached skill level 1 in Fighting
  1905 | D:7      | Noticed a hippogriff
  1970 | D:7      | Killed a hippogriff
  1970 | D:7      | Reached skill level 12 in Earth Magic
  1983 | D:7      | Found Luagut's Food Emporium.
  2034 | D:7      | Reached ** piety under Cheibriados
  2129 | D:7      | Noticed turbopower10k's ghost (novice GnWn)
  2129 | D:7      | Noticed a hippogriff
  2132 | D:7      | Found a transporter.
  2205 | D:8      | Noticed Gastronok
  2217 | D:7      | Killed Gastronok
  2217 | D:7      | Reached XP level 9. HP: 31/75 MP: 7/15
  2351 | D:9      | Reached skill level 1 in Evocations
  2368 | D:8      | Reached XP level 10. HP: 64/83 MP: 11/16
  2459 | D:8      | Reached skill level 5 in Spellcasting
  2537 | D:9      | Noticed a two-headed ogre
  2539 | D:9      | Noticed Erolcha
  2545 | D:8      | Reached *** piety under Cheibriados
  2578 | D:8      | Reached skill level 1 in Invocations
  2731 | D:9      | Killed a two-headed ogre
  2802 | D:9      | Reached **** piety under Cheibriados
  2848 | D:9      | Killed Erolcha
  2898 | D:10     | Entered Level 10 of the Dungeon
  2900 | D:10     | Found Dumoph's Distillery.
  2901 | D:10     | Found Avetilae's Antique Armour Boutique.
  2901 | D:10     | Found Moelal's Gadget Boutique.
  2903 | D:10     | Found Dikac's Distillery.
  2986 | D:9      | Identified the Reference Book on Doomed Summoning
  2999 | D:9      | Reached skill level 5 in Invocations
  3000 | D:9      | Reached XP level 11. HP: 89/94 MP: 3/18
  3048 | D:9      | Noticed a three-headed hydra
  3051 | D:9      | Killed a three-headed hydra
  3374 | D:10     | Reached ***** piety under Cheibriados
  3456 | D:11     | Found a bloodstained altar of Trog.
  3475 | D:11     | Noticed Sonja
  3476 | D:11     | Killed Sonja
  3483 | D:11     | Learned a level 5 spell: Borgnjor's Vile Clutch
  3509 | D:11     | Noticed Maurice
  3513 | D:11     | Killed Maurice
  3513 | D:11     | Reached skill level 1 in Necromancy
  3534 | D:11     | Noticed a purple ugly thing
  3550 | D:11     | Killed a green ugly thing
  3568 | D:11     | Found a staircase to the Lair.
  3708 | D:11     | Found Quraula's General Store.
  3797 | D:11     | Found a staircase to the Orcish Mines.
  3855 | Orc:1    | Entered Level 1 of the Orcish Mines
  3893 | Orc:2    | Entered Level 2 of the Orcish Mines
  3893 | Orc:2    | Found a staircase to the Elven Halls.
  3893 | Orc:2    | Found an iron altar of Okawaru.
  3893 | Orc:2    | Noticed an orc sorcerer
  3893 | Orc:2    | Noticed an orc sorcerer
  3894 | Orc:2    | Noticed an orc warlord
  3895 | Orc:2    | Killed an orc sorcerer
  3895 | Orc:2    | Reached skill level 13 in Earth Magic
  3895 | Orc:2    | Killed an orc sorcerer
  3895 | Orc:2    | Reached skill level 5 in Necromancy
  3895 | Orc:2    | Reached XP level 12. HP: 93/101 MP: 16/22
  3955 | Orc:1    | Killed an orc warlord
  3955 | Orc:1    | Reached skill level 5 in Evocations
  4315 | Orc:1    | Lost mutation: You can translocate small distances at will.
                  | [evolution]
  4617 | Orc:2    | Reached skill level 10 in Dodging
  4644 | Orc:2    | Noticed Donald
  4648 | Orc:2    | Reached ****** piety under Cheibriados
  4651 | Orc:2    | Killed Donald
  4656 | Orc:2    | Noticed an orc high priest
  4664 | Orc:2    | Killed an orc high priest
  4735 | Orc:2    | Reached skill level 10 in Fighting
  4763 | Orc:2    | Found Lucud's General Store.
  4770 | Orc:2    | Found Seoxzis's General Store.
  4771 | Orc:2    | Found Umenkiast's Distillery.
  4774 | Orc:2    | Found Joseh's Armour Boutique.
  4825 | Orc:2    | Bought a tin of tremorstones (3/3) for 520 gold pieces
  4900 | D:10     | Bought a potion of experience for 500 gold pieces
  4900 | D:10     | Reached XP level 13. HP: 113/113 MP: 23/23
  4913 | D:10     | Learned a level 7 spell: Malign Gateway
  4959 | Elf:1    | Entered Level 1 of the Elven Halls
  4974 | Elf:1    | Reached skill level 1 in Translocations
  5006 | Elf:1    | Reached XP level 14. HP: 58/121 MP: 8/24
  5246 | Elf:2    | Reached skill level 5 in Translocations
  5320 | Elf:2    | Found a radiant altar of Vehumet.
  5474 | Elf:3    | Entered Level 3 of the Elven Halls
  5498 | Elf:3    | Noticed a deep elf sorcerer
  5502 | Elf:3    | Killed a deep elf sorcerer
  5547 | Elf:3    | Reached skill level 1 in Shields
  5943 | Elf:3    | Learned a level 5 spell: Summon Demon
  6019 | Elf:3    | Noticed a reaper
  6057 | Elf:3    | Identified the ring "Kaqal" {rElec rC+ Int+3 Stlth-}
  6095 | Elf:2    | Reached skill level 10 in Summonings
  6136 | Elf:2    | Found a huge runed translucent gate.
  6138 | Elf:2    | Found a huge runed translucent gate.
  6141 | Elf:2    | Found a huge runed translucent gate.
  6198 | Elf:3    | Noticed a deep elf blademaster
  6227 | Elf:3    | Noticed a deep elf master archer
  6236 | Elf:3    | Killed a deep elf master archer
  6242 | Elf:3    | Killed a deep elf blademaster
  6365 | Elf:3    | Reached XP level 15. HP: 55/126 MP: 12/27
  6404 | Elf:2    | Gained mutation: You have a pair of small horns on your
                  | head. [evolution]
  6671 | Elf:3    | Noticed a deep elf blademaster
  6680 | Elf:3    | Killed a deep elf blademaster
  6830 | Elf:3    | Noticed a deep elf sorcerer
  6873 | Elf:3    | Noticed a deep elf sorcerer
  6876 | Elf:3    | Killed a deep elf sorcerer
  6880 | Elf:3    | Identified the +4 morningstar "Wanocoippa" {pain, Dex+4}
  6880 | Elf:3    | Noticed a deep elf sorcerer
  6885 | Elf:3    | Killed a deep elf sorcerer
  6888 | Elf:3    | Killed a deep elf sorcerer
  7135 | Elf:3    | Noticed a deep elf blademaster
  7144 | Elf:3    | Killed a deep elf blademaster
  7144 | Elf:3    | Identified the +12 war axe of Beyond {freeze, rElec rF++
                  | rC- Int+3}
  7220 | Elf:3    | Reached skill level 10 in Translocations
  7245 | Elf:3    | Noticed a deep elf sorcerer
  7249 | Elf:3    | Noticed a deep elf sorcerer
  7251 | Elf:3    | Noticed a deep elf sorcerer
  7253 | Elf:3    | Killed a deep elf sorcerer
  7253 | Elf:3    | Killed a deep elf sorcerer
  7257 | Elf:3    | Killed a deep elf sorcerer
  7261 | Elf:3    | Killed from afar by a deep elf mage

Illustrated notes

Levels and vault maps discovered:
D:1:      arrival_aquarium_a, layout_basic, st_stairs_1
D:2:      layout_loops_cross
D:3:      layout_basic, nicolae_ashenzari_panopticon,
          nicolae_tso_carved_into_rock, first_ration, uniq_jessica
D:4:      layout_gridville, minmay_temple_entry_arrows
D:5:      layout_rooms, nicolae_gozag_zags_fifth_avenue, basic_altar,
          patterned_corridor, uniq_grinder, uniq_eustachio, uniq_edmund,
          uniq_sigmund
D:6:      layout_loops_ring, fiery_altar_vehumet, uniq_menkaure, uniq_duvessa
D:7:      layout_loops_ring, gammafunk_ghost_arena, serial_shops,
          nicolae_shop_statue_plus
D:8:      layout_loops_cross, uniq_gastronok
D:9:      layout_small_grid, hangedman_ranch [blue_anna_fruit_fields],
          uniq_erolcha
D:10:     layout_roguey, serial_glass, glass_columns_c, glass_columns_b,
          serial_shops, shop, minmay_shop_grid_forest
D:11:     layout_roguey, david_lair_generic, david_orc_2, serial_shops,
          shop_coins, bloody_trog, uniq_urug, uniq_maurice, uniq_grum,
          uniq_sonja
Temple:   compressed_dpeg_circular_temple
Orc:1:    layout_diamond_mine
Orc:2:    st_orc_mages, layout_diamond_mine, okawaru_metal_pillars_1_2,
          uniq_donald
Elf:1:    eino_elf_arrival_shootout, layout_gridlike, serial_shops, shop,
          hangedman_elf_represent, minmay_misc_feat_ornament
Elf:2:    layout_gridlike, basic_altar, st_stairs_6, nrook_loot_triangle
Elf:3:    minmay_elf_hall_four_x, layout_geoelf_octagon

Skill      XL: |  1  2  3  4  5  6  7  8  9 10 11 12 13 14 15 |
---------------+----------------------------------------------+-----
Earth Magic    | 4 5 7 9 11 12 13 | 13.2
Spellcasting   | 3 4 5 7 8 9 |  9.0
Dodging        | 6 7 8 10 | 10.0
Fighting       | 6 8 10 | 10.0
Evocations     | 2 4 5 |  5.0
Invocations    | 5 8 9 |  9.0
Necromancy     | 5 |  5.0
Summonings     | 6 7 10 12 | 12.1
Translocations | 2 8 10 | 10.3
Shields        | 3 4 |  4.0
Stealth        | |  1.7
Transmutations | |  1.0

Action                   |  1- 3 |  4- 6 |  7- 9 | 10-12 | 13-15 || total
-------------------------+-------+-------+-------+-------+-------++-------
Melee: Unarmed           |    21 |       |       |       |       ||    21
       Tailslap          |     6 |     7 |     6 |    54 |    12 ||    85
       Short sword       |    20 |       |       |       |       ||    20
       Falchion          |    10 |    14 |       |       |       ||    24
       Quarterstaff      |       |    40 |       |       |       ||    40
       Dire flail        |       |       |    80 |   304 |    15 ||   399
       War axe           |       |       |       |       |    49 ||    49
       Headbutt          |       |       |       |       |    11 ||    11
Throw: Boomerang         |       |       |       |    20 |    27 ||    47
 Cast: Sandblast         |    30 |    33 |    25 |    41 |    25 ||   154
       Passwall          |     3 |       |     3 |    26 |    36 ||    68
       Lee's Rapid Decon |       |       |    10 |    37 |    27 ||    74
       Stone Arrow       |       |       |     1 |    10 |    10 ||    21
       Borgnjor's Vile C |       |       |       |    19 |    50 ||    69
       Malign Gateway    |       |       |       |       |     3 ||     3
Invok: Slouch            |       |       |       |     7 |    10 ||    17
       Bend Time         |       |       |       |     1 |       ||     1
 Abil: Blink             |       |       |       |     1 |       ||     1
Evoke: Wand              |       |     1 |     3 |    20 |    13 ||    37
       Tin of tremorston |       |       |       |       |    10 ||    10
       Box of beasts     |       |       |       |       |     1 ||     1
  Use: Scroll            |       |       |     9 |     3 |    17 ||    29
       Potion            |       |       |     2 |     3 |     4 ||     9
 Stab: Sleeping          |       |     1 |       |     1 |       ||     2
       Paralysed         |       |       |       |     7 |       ||     7
  Eat: Ration            |     2 |       |     1 |     1 |     3 ||     7
Armor: Skin              |    28 |    29 |    33 |   161 |    53 ||   304
Dodge: Dodged            |    51 |    73 |    81 |   487 |    91 ||   783
Block: Buckler           |       |       |       |       |    27 ||    27
       Rpst.: Falchion   |     1 |     9 |       |       |       ||    10

Table legend:
 A = Non-vault XP
 B = Vault XP
 C = Vault XP percentage of total XP
 D = Non-vault monster count
 E = Vault monster count
 F = Vault count percentage of total count
                 A         B        C        D         E       F
            +---------+---------+-------+---------+---------+-------
      Total |   47727 |   63658 |  57.2 |     319 |     100 |  23.9
            +---------+---------+-------+---------+---------+-------
        D:1 |      24 |       0 |   0.0 |      10 |       0 |   0.0
        D:2 |      23 |       0 |   0.0 |       8 |       0 |   0.0
        D:3 |      28 |       0 |   0.0 |       7 |       0 |   0.0
        D:4 |     119 |       0 |   0.0 |      10 |       0 |   0.0
        D:5 |     416 |     597 |  58.9 |      11 |       3 |  21.4
        D:6 |     651 |       0 |   0.0 |      18 |       0 |   0.0
        D:7 |     786 |    2224 |  73.9 |      24 |       1 |   4.0
        D:8 |    2209 |       0 |   0.0 |      18 |       0 |   0.0
        D:9 |    2512 |    3156 |  55.7 |      29 |       9 |  23.7
       D:10 |     836 |       0 |   0.0 |      16 |       0 |   0.0
       D:11 |    4186 |    2475 |  37.2 |      36 |      11 |  23.4
      Orc:1 |    5138 |       0 |   0.0 |      39 |       0 |   0.0
      Orc:2 |    4125 |    6637 |  61.7 |      50 |      38 |  43.2
      Elf:1 |   11540 |    2287 |  16.5 |      19 |       4 |  17.4
      Elf:2 |   11022 |    3733 |  25.3 |      18 |       5 |  21.7
      Elf:3 |    4112 |   42549 |  91.2 |       6 |      29 |  82.9
            +---------+---------+-------+---------+---------+-------
